 Dungeon Sprint DCSS version 0.26-a0-1033-gd598b01645 (webtiles) character file.

Game seed: 14577893100701337671

212 mhtbhm the Slinger (level 5, 0/29 HPs)
             Began as a Spriggan Hunter on Dec 10, 2020.
             Was an Initiate of Okawaru.
             Slain by a phantom (8 damage)
             ... in the Dungeon (Sprint IX: "|||||||||||||||||||||||||||||").
             The game lasted 00:02:13 (516 turns).

mhtbhm the Slinger (Spriggan Hunter)                 Turns: 516, Time: 00:02:13

Health: 0/29       AC:  5    Str:  8    XL:     5   Next: 58%
Magic:  6/6        EV: 23    Int: 13    God:    Okawaru [......]
Gold:   0          SH:  0    Dex: 17    Spells: 4/4 levels left

rFire    . . .     SeeInvis +   b - +2 rapier (venom)
rCold    . . .     Faith    .   (shield restricted)
rNeg     . . .     Spirit   .   c - +0 robe
rPois    .         Reflect  .   (helmet restricted)
rElec    .         Harm     .   n - +0 cloak
rCorr    .         Rampage  .   (gloves unavailable)
Will     .....     NoTele   +   (boots unavailable)
Stlth    ++........             (no amulet)
HPRegen  0.09/turn              o - +2 ring of protection
MPRegen  0.10/turn              p - +2 ring of evasion

@: very quick
A: very small, unfitting armour, see invisible, speed 3
a: Renounce Religion


You were in the Dungeon.
You worshipped Okawaru.
Okawaru was noncommittal.
You visited 1 branch

Inventory:

Hand Weapons
 a - a +1 hunting sling
 b - a +2 rapier of venom (weapon)
Missiles
 d - 11 sling bullets
Armour
 c - a +0 robe (worn)
 n - a +0 cloak (worn)
Jewellery
 o - a +2 ring of protection (left hand)
 p - a +2 ring of evasion (right hand)
Wands
 m - a wand of acid (10)
Scrolls
 j - 2 scrolls of blinking
 k - 3 scrolls of remove curse
 l - 2 scrolls of amnesia
Potions
 e - 4 potions of curing
 f - a potion of invisibility
 g - a potion of haste
 h - 4 potions of magic
 i - 2 potions of heal wounds


   Skills:
 + Level 4.0 Fighting
 + Level 1.7 Short Blades
 + Level 12.5 Slings
 + Level 5.3 Dodging
 + Level 2.3 Stealth


You had 4 spell levels left.
You didn't know any spells.
Your spell library was empty.

Dungeon Overview and Level Annotations

Branches:
Dungeon (1/1)

Altars:
Cheibriados
Dithmenos
Elyvilon
Fedhas
Gozag
Hepliaklqana
Kikubaaqudgha
Makhleb
Nemelex Xobeh
Okawaru
Qazlal
Ru
Sif Muna
Trog
Uskayaw
Vehumet
Wu Jian
Xom
Yredelemnul
Zin
The Shining One
Beogh
Jiyva
Lugonu


Innate Abilities, Weirdness & Mutations

You are very small and have problems with some larger weapons.
You are too small for most types of armour.
You have supernaturally acute eyesight. (SInv)
You cover ground extremely quickly.


Message History

You are too injured to fight recklessly!
You are too injured to fight recklessly!
You are too injured to fight recklessly!
Unknown command.
You barely miss the killer bee.
The killer bee is severely wounded.
The killer bee barely misses you. The killer bee misses you.
You barely miss the killer bee.
The killer bee is severely wounded.
The killer bee closely misses you. The killer bee stings you.
* * * LOW HITPOINT WARNING * * *
You are lethally poisoned!
The killer bee poisons you!
Unknown command.
* * * LOW HITPOINT WARNING * * *
You feel sick. The phantom completely misses you.
The killer bee barely misses you.
There is an open door to the Dungeon here.
You feel better. The killer bee closely misses you. The phantom hits you!
You die...

▓.▓
▓)▓
▓.▓
▓[▓
▓.▓
▓[▓
▓÷▓
▓W▓
▓@▓
▓y▓
▓l▓
▓s▓
▓(▓
▓O▓
▓Z▓
▓'▓
▓.▓


You could see a komodo dragon, a phantom, an ogre, a scorpion, a killer bee and
a ball python skeleton.

Vanquished Creatures
  2 scorpions (D)
  A jelly (D)
  A hound (D)
  An iguana (D)
  An adder (D)
  A shadow imp (D)
  An ooze (D)
  An orc (D)
  2 bats (D)
  A bat zombie (D)
  A jackal (D)
  A kobold (D)
  A quokka (D)
  A frilled lizard (D)
16 creatures vanquished.

Notes
Turn   | Place    | Note
-------+----------+-------------------------------------------
     0 | D        | mhtbhm the Spriggan Hunter began the quest for the Orb.
     0 | D        | Reached XP level 1. HP: 10/10 MP: 2/2
     7 | D        | Reached skill level 5 in Slings
    11 | D        | Reached skill level 6 in Slings
    12 | D        | Reached XP level 2. HP: 15/15 MP: 3/3
    38 | D        | Noticed a scorpion
    54 | D        | Reached skill level 7 in Slings
    57 | D        | Killed a scorpion
    58 | D        | Reached skill level 9 in Slings
    58 | D        | Reached XP level 3. HP: 1/19 MP: 4/4
    64 | D        | Reached XP level 4. HP: 23/23 MP: 5/5
   103 | D        | Found a roughly hewn altar of Beogh.
   103 | D        | Found a snail-covered altar of Cheibriados.
   103 | D        | Found a shadowy altar of Dithmenos.
   103 | D        | Found a white marble altar of Elyvilon.
   103 | D        | Found a blossoming altar of Fedhas.
   103 | D        | Found an opulent altar of Gozag.
   104 | D        | Found a hazy altar of Hepliaklqana.
   105 | D        | Found a viscous altar of Jiyva.
   106 | D        | Found an ancient bone altar of Kikubaaqudgha.
   107 | D        | Found a corrupted altar of Lugonu.
   108 | D        | Found a burning altar of Makhleb.
   109 | D        | Found a sparkling altar of Nemelex Xobeh.
   110 | D        | Found an iron altar of Okawaru.
   111 | D        | Found a stormy altar of Qazlal.
   112 | D        | Found a sacrificial altar of Ru.
   113 | D        | Found a shimmering blue altar of Sif Muna.
   114 | D        | Found a bloodstained altar of Trog.
   115 | D        | Found a hide-covered altar of Uskayaw.
   116 | D        | Found a radiant altar of Vehumet.
   117 | D        | Found an ornate altar of the Wu Jian Council.
   118 | D        | Found a shimmering altar of Xom.
   119 | D        | Found a basalt altar of Yredelemnul.
   120 | D        | Found a glowing silver altar of Zin.
   121 | D        | Found a glowing golden altar of the Shining One.
   142 | D        | Became a worshipper of Warmaster Okawaru
   252 | D        | Reached skill level 10 in Slings
   258 | D        | Reached skill level 11 in Slings
   264 | D        | Reached skill level 12 in Slings
   264 | D        | Reached skill level 5 in Dodging
   264 | D        | Reached XP level 5. HP: 23/29 MP: 6/6
   267 | D        | Reached skill level 1 in Short Blades
   492 | D        | Noticed a phantom
   492 | D        | Noticed a komodo dragon
   492 | D        | Noticed an ogre
   516 | D        | Slain by a phantom

Illustrated notes

Levels and vault maps discovered:
D:        linesprint [early_d, line_temple, items_1, d_10, items_2, lair_1,
          lair_end, items_3, orc_1, orc_end, items_4, d_15, swamp_1, shoals_1,
          snake_1, spider_1, d_20, vaults_1, items_5, swamp_end, shoals_end,
          snake_end, spider_end, vaults_end, d_27, items_6, zot_1, zot_end,
          crypt_end, forest_end, elf_end, slime_end, tomb_end, abyss_end,
          pan_hell_end]

Skill      XL: |  1  2  3  4  5 |
---------------+----------------+-----
Slings         | 6 9 12 | 12.5
Fighting       | 2 3 4 |  4.0
Dodging        | 4 5 |  5.3
Stealth        | 2 |  2.3
Short Blades   | 1 |  1.7

Action                   |  1- 3 |  4- 6 || total
-------------------------+-------+-------++-------
Melee: Short sword       |     3 |     2 ||     5
       Rapier            |       |    24 ||    24
 Fire: Hunting sling     |    23 |    20 ||    43
  Use: Potion            |     2 |     1 ||     3
Armor: Robe              |     1 |     4 ||     5
Dodge: Dodged            |    11 |    39 ||    50

Table legend: (Time is in decaauts)
 A = Elapsed time spent in this place.
 B = Non-inter-level travel time spent in this place.
 C = Inter-level travel time spent in this place.
 D = Time resting spent in this place.
 E = Time spent auto-exploring this place.
 F = Levels seen in this place.
 G = Mean time per level.
                   A        B        C        D        E       F      G
               +--------+--------+--------+--------+--------+-----+--------+
         Total |    428 |    428 |      0 |    193 |      0 |   1 |  428.0 |
       Dungeon |    428 |    428 |      0 |    193 |      0 |   1 |  428.0 |
               +--------+--------+--------+--------+--------+-----+--------+

Top non-repeatable levels by time:
       D: 428 daAuts
